 Dungeon Crawl Stone Soup version 0.30.0-17-ge0270778cf (webtiles) character file.

Game seed: 14138015376996279439

53 Tofusson the Conjurer (level 3, -4/22 HPs)
             Began as a Tengu Reaver on May 21, 2023.
             Splashed by a jelly's acid (7 damage)
             ... on level 2 of the Dungeon.
             The game lasted 00:08:06 (1422 turns).

Tofusson the Conjurer (Tengu Reaver)                Turns: 1422, Time: 00:08:07

Health: -4/22      AC: -5    Str: 12    XL:     3   Next: 89%
Magic:  5/7        EV: 12    Int: 15    God:
Gold:   93         SH:  0    Dex: 12    Spells: 3/6 levels left

rFire   . . .        h - +1 dagger (elec)
rCold   . . .        (no shield)
rNeg    . . .        b - +0 leather armour
rPois   .            (helmet restricted)
rElec   .            (no cloak)
rCorr   .            (no gloves)
SInv    .            (boots unavailable)
Will    .....        (no amulet)
Stlth   +            (no ring)
HPRegen 0.23/turn    (no ring)
MPRegen 0.10/turn

%: no passive effects
@: corroded, immotile
A: beak, talons 3
a: no special abilities


You were on level 2 of the Dungeon.
You visited 1 branch of the dungeon, and saw 2 of its levels.

You collected 93 gold pieces.

Inventory:

Hand Weapons
 a - a +0 falchion
 h - a +1 dagger of electrocution (weapon)
Missiles
 e - 6 poisoned darts
Armour
 b - a +0 leather armour (worn)
Scrolls
 c - a scroll of magic mapping {unknown}
 g - a scroll of fear {unknown}
 i - a scroll of enchant weapon {unknown}
Potions
 d - a potion of brilliance {unknown}
 f - a potion of curing {unknown}
 j - a potion of flight {unknown}


   Skills:
 + Level 2.5 Fighting
 + Level 3.7 Long Blades
 + Level 2.8 Dodging
 + Level 2.4 Spellcasting
 + Level 4.4 Conjurations


You had 3 spell levels left.
You knew the following spells:

 Your Spells              Type           Power      Damage    Failure   Level
a - Kiss of Death         Conj/Necr      32%        2d7       11%         1
b - Momentum Strike       Conj/Tloc      16%        3d8       16%         2

Your spell library contained the following spells:

 Spells                   Type           Power      Damage    Failure   Level
 Hailstorm                Conj/Ice       8%         3d4       32%         3
 Ozocubu's Armour         Ice            1%         N/A       63%         3
 Metabolic Englaciation   Hex/Ice        0%         N/A       100%        5
 Simulacrum               Ice/Necr       0%         N/A       100%        6


Dungeon Overview and Level Annotations

Branches:
Dungeon (2/15)

Altars:


Innate Abilities, Weirdness & Mutations

You have a beak for a mouth.
You have claws for feet.


Message History

It stops flaming.
The goblin wields a +0 club.
The goblin hits you with a +0 club.
You are too injured to fight recklessly!
You are too injured to fight recklessly!
You closely miss the goblin. You claw the goblin.
You kill the goblin!
Things that are here:
a +0 club; a +1 sling of flaming
Found a stone staircase leading down.
Found a quarterstaff.
You now have 86 gold pieces (gained 17).
You now have 93 gold pieces (gained 7).
A rat and a jelly come into view.
The jelly quivers.
You see here a fuming puce potion.
j - a fuming puce potion The jelly barely misses you.
You hit the jelly.
Your hands burn!
The jelly is lightly wounded.
The rat bites you but does no damage. The jelly barely misses you.
The jelly attacks as you move away! The jelly hits you. The acid corrodes you!
You are splashed with acid!
The jelly attacks as you move away! The jelly completely misses you.
You hit the rat.
You kill the rat!
Cast which spell? (? or * to list)
Aiming: Momentum Strike (safe; 16% risk of failure)
Press: ? - help, Dir - move target, f - jelly
Aim: a jelly (lightly wounded, 100% to hit)
The concentrated momentum hits the jelly!
The jelly is almost dead.
You are unable to move.
You hit the jelly but do no damage.
Your hands burn!
* * * LOW HITPOINT WARNING * * *
You peck the jelly, but do no damage.
The jelly is almost dead.
The jelly hits you.
* * * LOW HITPOINT WARNING * * *
The acid corrodes you!
You are splashed with acid!
You die...

#.........#.....##....##....#
#...).....#####.##....##...
#................#.......#
#........##..#.......#.###
############...........#
#..............###
..#######.#....###
#.#......## #@#........
#######J#........
................#
#######.#.....).. #>..#######
#....# .........
............. #.............


You could see a jelly.

Vanquished Creatures
  An adder (D:2)
  2 worms (D:2)
  2 dart slugs (D:2)
  A bat (D:2)
  4 endoplasms (D:1)
  7 kobolds
  3 ball pythons (D:1)
  5 frilled lizards
  6 goblins
  4 rats
35 creatures vanquished.

Notes
Turn   | Place    | Note
-------+----------+-------------------------------------------
     0 | D:1      | Tofusson the Tengu Reaver began the quest for the Orb.
     0 | D:1      | Reached XP level 1. HP: 12/12 MP: 4/4
   286 | D:1      | Reached XP level 2. HP: 17/17 MP: 6/6
   509 | D:1      | Found a faded altar of an unknown god.
   626 | D:1      | Reached XP level 3. HP: 21/21 MP: 7/7
   629 | D:1      | Learned a level 2 spell: Momentum Strike
  1422 | D:2      | Splashed by a jelly's acid

Illustrated notes

Levels and vault maps discovered:
D:1:      minmay_arrival_doors, layout_loops_ring, basic_ecumenical_altar,
          roderic_serpentine_path, hangedman_abyss_or_decor_lesser_grid,
          lexackson_kobold_supper
D:2:      layout_rooms, due_unseen_surprise

Action                     || total
---------------------------++-------
  Melee: Falchion          ||   200
         Kick              ||   100
         Peck              ||    70
         Dagger            ||    21
         Punch             ||     4
   Cast: Momentum Strike   ||     1
 Armour: Leather armour    ||    17
  Dodge: Dodged            ||    41
